 Dungeon Crawl Stone Soup version 0.27-a0-1513-g2aaa0cc67b (webtiles) character file.

Game seed: 8871504237094167160

49 blackman the Chopper (level 4, -6/35 HPs)
             Began as a Human Monk on July 9, 2021.
             Was a Believer of Zin.
             Mangled by a gnoll (9 damage)
             ... on level 2 of the Dungeon.
             The game lasted 00:02:38 (2075 turns).

blackman the Chopper (Human Monk)                   Turns: 2075, Time: 00:02:39

Health: -6/35      AC:  5    Str: 13    XL:     4   Next: 2%
Magic:  2/4        EV: 11    Int: 11    God:    Zin [**....]
Gold:   50         SH:  0    Dex: 17    Spells: 3/3 levels left

rFire    . . .     SeeInvis .   a - +0 hand axe
rCold    . . .     Faith    .   (no shield)
rNeg     . . .     Spirit   .   e - +0 ring mail
rPois    ∞         Reflect  .   (no helmet)
rElec    .         Harm     .   (no cloak)
rCorr    .         Rampage  .   (no gloves)
Will     .....                  (no boots)
Stlth    ++........             (no amulet)
HPRegen  0.11/turn              (no ring)
MPRegen  0.09/turn              (no ring)

@: vitalised, on recite cooldown
A: no striking features
a: Renounce Religion, Recite, Vitalisation, Donate Gold


You were on level 2 of the Dungeon.
You worshipped Zin.
Zin was pleased with you.
You visited 1 branch of the dungeon, and saw 2 of its levels.

You collected 55 gold pieces.
You donated 5 gold pieces to Zin.

Inventory:

Hand Weapons
 a - a +0 hand axe (weapon)
Armour
 b - a +0 robe
 e - a +0 ring mail (worn)
Scrolls
 c - a scroll of immolation {unknown}
 d - a scroll of summoning {unknown}


   Skills:
 + Level 3.4 Fighting
 + Level 3.5 Axes
 + Level 1.0 Armour
 - Level 3.2 Dodging
 - Level 2.4 Stealth


You had 3 spell levels left.
You didn't know any spells.
Your spell library was empty.

Dungeon Overview and Level Annotations

Branches:
Dungeon (2/15)

Altars:
Zin

Annotations:
D:2 Sigmund


Message History

The adder is almost dead.
You feel sick. The adder bites you but does no damage.
You hit the adder.
You kill the adder!
You feel sick.
Your Armour skill increases to level 1!
You have reached level 4!
You feel agile.
You feel sick.
You feel sick.
You clear your throat and prepare to recite. "Zin said that cleanliness shall be the law of the land, and..."
You feel sick.
You hear a shout!
You hear an angry hiss.
The gnoll hits you but does no damage. "...those who turn to uncleanliness will be castigated.
This was fair..."
You feel sick.
You are no longer poisoned. "...and just, and not a voice dissented."
You finish reciting Abominations 7:24.
An adder comes into view.
Zin grants you divine stamina. The gnoll hits you but does no damage.
You are too injured to fight recklessly!
You completely miss the gnoll. You barely miss the adder. The adder misses you.
The gnoll hits you with a +0 flail.
* * * LOW HITPOINT WARNING * * *
You barely miss the gnoll. You closely miss the adder.
The adder bites you but does no damage. The gnoll hits you with a +0 flail.
* * * LOW HITPOINT WARNING * * *
The adder barely misses you.
You hit the gnoll.
The gnoll is moderately wounded.
You hit the adder but do no damage. The adder bites you but does no damage.
The gnoll hits you but does no damage.
You hit the gnoll.
The gnoll is moderately wounded.
You miss the adder. The adder barely misses you.
The gnoll hits you with a +0 flail!
You die...

#.. ... #. #..
... #. ..
#.##. ## ..
..#. $. # #.
#..## . .# #.
#....#. .#
#S###g###.##r#
#.@gJr..#K.J#
#####K..#†## .
#....#g#.#
###....#...#
#.......###..
#.#...#..##..#
.##
#.##÷#.......#
.... ..# .# #
##.......#
.... #.# #(#
#.#######


You could see a gnoll, an adder, an endoplasm, a quokka, a hobgoblin and a
kobold.

Vanquished Creatures
  2 adders (D:2)
  A dart slug (D:1)
  3 bats (D:1)
  5 endoplasms
  4 jackals (D:1)
  3 kobolds (D:1)
  3 ball pythons (D:1)
  3 frilled lizards
  3 goblins (D:1)
  2 rats (D:1)
29 creatures vanquished.

Vanquished Creatures (others)
  2 withered plants (D:1)
2 creatures vanquished.

Grand Total: 31 creatures vanquished

Notes
Turn   | Place    | Note
-------+----------+-------------------------------------------
     0 | D:1      | blackman the Human Monk began the quest for the Orb.
     0 | D:1      | Reached XP level 1. HP: 18/18 MP: 1/1
   202 | D:1      | Reached XP level 2. HP: 24/24 MP: 2/2
   665 | D:1      | Reached XP level 3. HP: 29/29 MP: 3/3
   745 | D:1      | Found a faded altar of an unknown god.
   751 | D:1      | Became a worshipper of Zin the Law-Giver
   751 | D:1      | Reached * piety under Zin
   751 | D:1      | Reached ** piety under Zin
   751 | D:1      | Reached *** piety under Zin
  1065 | D:2      | Noticed Sigmund
  2064 | D:2      | Reached skill level 1 in Armour
  2064 | D:2      | Reached XP level 4. HP: 15/35 MP: 4/4
  2075 | D:2      | Mangled by a gnoll

Illustrated notes

Levels and vault maps discovered:
D:1:      amcnicky_arrival_choice, layout_basic,
          ebering_ecumenical_altar_petrified
D:2:      layout_loops_ring, minmay_pentomino_pile, uniq_sigmund

Skill      XL: |  1  2  3 |
---------------+----------+-----
Armour         | 1 |  1.0
Fighting       | |  3.4
Axes           | |  3.5
Dodging        | |  3.2
Stealth        | |  2.4

Action                   |  1- 3 |  4- 6 || total
-------------------------+-------+-------++-------
Melee: Hand axe          |    81 |     4 ||    85
Invok: Vitalisation      |     1 |     1 ||     2
       Recite            |       |     1 ||     1
  Use: Potion            |     1 |       ||     1
 Stab: Sleeping          |     6 |       ||     6
Armor: Robe              |     6 |       ||     6
       Ring mail         |    18 |     5 ||    23
Dodge: Dodged            |    51 |     3 ||    54

Table legend: (Time is in decaauts)
 A = Elapsed time spent in this place.
 B = Non-inter-level travel time spent in this place.
 C = Inter-level travel time spent in this place.
 D = Time resting spent in this place.
 E = Time spent auto-exploring this place.
 F = Levels seen in this place.
 G = Mean time per level.
                   A        B        C        D        E       F      G
               +--------+--------+--------+--------+--------+-----+--------+
         Total |   2087 |   2022 |     65 |    883 |    889 |   2 | 1043.5 |
       Dungeon |   2087 |   2022 |     65 |    883 |    889 |   2 | 1043.5 |
               +--------+--------+--------+--------+--------+-----+--------+

Top non-repeatable levels by time:
     D:1: 1697 daAuts
     D:2: 389 daAuts
